 Dungeon Crawl Stone Soup version 0.14-a0-3167-gc8df72d (webtiles) character file.

80 primenumbers the Insei (level 3, 0/34 HPs)
             Began as a Naga Monk on Mar 7, 2014.
             Slain by a kobold
             ... wielding a +0,+2 dagger
              (1 damage)
             ... on Level 2 of the Dungeon on Mar 10, 2014.
             The game lasted 00:10:19 (1657 turns).

primenumbers the Insei (Naga Monk)                  Turns: 1657, Time: 00:10:20

HP   0/34        AC  2     Str 13      XL: 3   Next: 25%
MP   3/3         EV  7     Int 11      God:
Gold 48          SH 14     Dex 13      Spells:  0 memorised,  2 levels left

rFire  . . .     SeeInvis +     o - +0 sling
rCold  . . .     Clarity  .     k - +0 leather armour
rNeg   . . .     Conserve .     h - +0 shield
rPois  +         rCorr    .     (no helmet)
rElec  .         rRot     .     (no cloak)
SustAb . .       Spirit   .     (no gloves)
rMut   .         Warding  .     (no barding)
Saprov . . .     Stasis   .     (no amulet)
MR     .....                    (no ring)
                                g - ring of sustenance

@: very slow, not resistant to hostile enchantments, fairly stealthy
A: spit poison, see invisible, deformed body, poison resistance, slowness 2, AC
+1
a: Spit Poison


You were on level 2 of the Dungeon.
You were not hungry.

You visited 1 branch of the dungeon, and saw 2 of its levels.

You collected 48 gold pieces.

Inventory:

Hand weapons
 m - a +1,+1 mace
 o - a +0,+0 sling (weapon)
Missiles
 p - 23 stones (quivered)
Armour
 h - a +0 shield (worn)
 k - a +0 leather armour (worn)
Comestibles
 a - a meat ration
 b - 3 bread rations
Scrolls
 e - a scroll of blinking
 l - a scroll of remove curse
 n - a scroll of enchant weapon I
Jewellery
 g - a ring of sustenance (left hand)
Potions
 c - a potion of flight {unknown}
 d - 2 potions of magic {unknown}
 f - a potion of speed {unknown}
 i - 2 potions of cure mutation {unknown}
 j - a potion of poison {unknown}


   Skills:
 + Level 3.2 Fighting
 + Level 0.1 Armour
 + Level 3.0 Dodging
 + Level 3.0 Stealth
 + Level 4.3 Unarmed Combat


You had 2 spell levels left.
You didn't know any spells.

Dungeon Overview and Level Annotations

Branches:
Dungeon (2/16)

Altars:


Innate Abilities, Weirdness & Mutations

You cannot wear boots.
You can spit poison.
Your serpentine skin is tough (AC +1).
You have supernaturally acute eyesight.
Armour fits poorly on your strangely shaped body.
Your system is resistant to poisons.
You cover ground very slowly.


Message History

You barely miss the kobold. The kobold hits you with a dagger.
You barely miss the kobold. The kobold hits you with a dagger.
* * * LOW HITPOINT WARNING * * *
The kobold hits you with a dagger.
* * * LOW HITPOINT WARNING * * *
You clumsily bash the kobold but do no damage.
You block the kobold's attack.
You clumsily bash the kobold but do no damage.
The kobold hits you with a dagger.
* * * LOW HITPOINT WARNING * * *
The kobold closely misses you.
You closely miss the kobold. The kobold hits you with a dagger.
* * * LOW HITPOINT WARNING * * *
The kobold hits you but does no damage.
You clumsily bash the kobold but do no damage.
The kobold barely misses you.
You closely miss the kobold. The kobold hits you with a dagger.
* * * LOW HITPOINT WARNING * * *
The kobold hits you with a dagger.
You die...

#.####.#.#..
##+##.....#.#
#.....#.#.#..
#.........#.#
#.....#.#.%..
#.........###
####+#####......#....(
..##...........#..###....
........@#######.........
.......K.....# #..##.....
.##.........# #..##.....
##.#......# ..##..#
#.#........ . # #........
#..#.... #..#### ...


You could see a kobold.

Vanquished Creatures
  A giant gecko (D:1)
  6 bats
  2 giant cockroaches (D:1)
  4 hobgoblins
  5 kobolds
  A quokka (D:2)
  2 giant newts
  5 goblins
  2 rats (D:1)
28 creatures vanquished.

Notes
Turn   | Place    | Note
--------------------------------------------------------------
     0 | D:1      | primenumbers, the Naga Monk, began the quest for the Orb.
     0 | D:1      | Reached XP level 1. HP: 21/21 MP: 1/1
   116 | D:1      | Reached XP level 2. HP: 28/28 MP: 2/2
  1129 | D:1      | Upgraded the game from 0.14-a0-3109-ga7442b6 to 0.14-a0-3167-gc8df72d
  1147 | D:1      | Reached XP level 3. HP: 26/34 MP: 3/3
  1657 | D:2      | HP: 1/34 [kobold/dagger (2)]
  1657 | D:2      | Slain by a kobold

Action                   || total
-------------------------++-------
Melee: Unarmed           ||    63
       Mace              ||    36
       Sling             ||    18
 Abil: Spit Poison       ||     3
  Use: Scroll            ||     4
 Stab: Sleeping          ||     1
